Match 47184370
Unlisted

Match 47184370
End
Construct Barracks
Riflemen Squad
Riflemen Squad
Construct Weapon Support Center
Selects Special Operations Battlegroup
Grenade Package
M1919 Machine Gun Team
Construct Medical Station
Selects M29 Weasel with M1 Pack Howitzer
M29 Weasel with M1 Pack Howitzer
Selects Raiding Flares
Bazooka Squad
Riflemen Squad
Selects SSF Commando Squad
SSF Commando Squad
Tixi
Gust
TheCreepy
Ygt
0
0

Comments sign in to comment!

No comments posted yet!